Map: Prion Terraces

Players

Infinity

  • Race: Terran Terran
  • League: Diamond

Thor - Winner!

  • Race: Terran Terran
  • League: Master

VOD

Have the link to the VOD?

Description

Time

  • Played on: Dec. 8, 2015, 9:31 a.m.
  • Length: 9:55
Show
View Real Time Build Order
Export as new Build Order

Infinity Terran 

Build Orders: MMM Bio 

Get SALT Encoding   

  12  0:01  SCV  
  13  0:13  SCV  
  14  0:17  Supply Depot  
  14  0:25  SCV  
  15  0:39  SCV  
  15  0:40  Barracks  
  16  0:51  SCV  
  17  1:03  SCV  
  18  1:14  Command Center  
  18  1:16  SCV  
  19  1:28  Marine  
  19  1:30  Orbital Command  
  20  1:40  Supply Depot  
  20  1:46  Marine  
  21  1:49  Barracks  
  21  1:56  SCV  
  22  2:03  Marine  
  22  2:05  Barracks  
  22  2:08  SCV  
  24  2:20  SCV  
  24  2:21  Refinery x2  
  24  2:22  Marine  
  25  2:28  Orbital Command  
  26  2:33  SCV  
  27  2:40  Marine  
  28  2:47  SCV  
  29  2:58  SCV  
  29  2:59  SCV  
  29  3:00  Marine x2  
  29  3:03  Barracks Tech Lab  
  33  3:10  SCV  
  30  3:17  Marine  
  30  3:18  Marine  
  29  3:32  SCV  
  29  3:33  Marine  
  31  3:35  Stimpack  
  31  3:37  Engineering Bay  
  31  3:38  Marine  
  31  3:39  Marine  
  31  3:44  SCV  
  32  3:51  Marine  
  32  3:56  SCV, Marine  
  32  3:58  Orbital Command  
  32  3:59  Factory  
  33  4:08  SCV  
  33  4:09  Marine  
  35  4:20  Barracks Reactor x2  
  35  4:22  SCV  
  34  4:24  Missile Turret  
  34  4:27  SCV  
  34  4:28  Missile Turret  
  34  4:31  Marine  
  36  4:34  SCV  
  37  4:43  Bunker  
  36  4:47  Orbital Command  
  36  4:49  Factory Reactor  
  36  4:50  Starport  
  36  4:51  Supply Depot  
  36  4:52  Marine  
  36  4:54  SCV  
  36  4:57  Marine x3  
  36  4:59  Marine  
  42  5:05  Refinery  
  42  5:06  SCV  
  43  5:10  Terran Infantry Weapons Level 1  
  42  5:18  SCV  
  35  5:42  Combat Shields  
  34  5:43  Marine x2  
  34  5:49  SCV  
  37  5:50  Factory Tech Lab  
  37  5:53  SCV, Marine  
  37  5:54  Marine x2  
  40  6:01  SCV, Marine  
  40  6:02  Medivac  
  44  6:05  SCV  
  44  6:09  Marine  
  46  6:11  Marine x2  
  46  6:13  SCV, Medivac  
  46  6:17  SCV  
  52  6:22  Marine x2  
  54  6:25  SCV, Supply Depot  
  54  6:27  Supply Depot  
  54  6:29  SCV  
  56  6:37  Siege Tank  
  56  6:38  SCV  
  56  6:39  Marine, Supply Depot  
  61  6:46  Marine  
  62  6:47  Medivac, Marine  
  62  6:49  Marine  
  62  6:52  Marine  
  67  6:54  SCV  
  61  7:04  SCV, Marine x2  
  61  7:05  Marine  
  61  7:07  Marine  
  61  7:08  Medivac  
  68  7:09  Marine  
  68  7:15  Terran Infantry Armor Level 1  
  69  7:22  Marine x2  
  70  7:23  Siege Tank  
  67  7:39  Marine x3  
  67  7:40  SCV, Medivac  
  73  7:45  SCV, Marine x2  
  73  7:48  Medivac  
  78  7:53  SCV  
  78  7:57  Marine x2  
  78  7:58  SCV  
  82  8:01  Supply Depot  
  82  8:02  Marine, Supply Depot  
  82  8:03  Concussive Shells  
  82  8:05  SCV  
  84  8:07  Marine x2  
  86  8:17  Marine  
  86  8:18  Marine  
  86  8:22  Medivac  
  86  8:25  Siege Tank  
  86  8:26  Marine x2  
  93  8:29  Marine  
  93  8:34  SCV  
  93  8:35  Marine  
  93  8:36  Marine  
  87  8:44  Marine x2  
  87  8:47  Marine  
  86  8:53  Marine  
  86  8:54  Marine  
  78  9:02  SCV  
  77  9:04  Marine x2  
  79  9:14  SCV  
  70  9:26  SCV  
  70  9:29  Marine x2  
  59  9:35  Marine  
Show
View Real Time Build Order
Export as new Build Order

Thor Terran - Winner!

Build Orders: 1/1/1, MMM Bio, Banshee Rush 

Get SALT Encoding   

  12  0:01  SCV  
  13  0:13  SCV  
  14  0:17  Supply Depot  
  14  0:24  Refinery  
  14  0:28  SCV  
  15  0:40  SCV  
  16  0:46  Barracks  
  16  0:53  SCV  
  17  0:57  Refinery  
  17  1:05  SCV  
  18  1:18  SCV  
  20  1:35  Factory  
  20  1:36  Reaper  
  20  1:37  Orbital Command  
  20  1:51  Supply Depot  
  20  2:03  SCV  
  20  2:08  Reaper  
  22  2:15  SCV  
  22  2:20  Starport  
  22  2:21  Hellion  
  25  2:28  SCV, Supply Depot  
  26  2:40  SCV  
  27  2:49  Hellion  
  29  2:52  SCV  
  29  2:56  Barracks Tech Lab  
  30  3:04  SCV  
  31  3:16  SCV  
  32  3:20  Factory Tech Lab  
  32  3:25  Barracks Reactor  
  30  3:40  SCV  
  31  3:43  Cyclone  
  31  3:45  Banshee  
  31  3:46  Cloaking Field  
  37  3:52  Command Center, SCV  
  37  3:55  Supply Depot  
  38  4:14  SCV  
  38  4:16  Siege Tank, Marine  
  38  4:17  Marine  
  41  4:23  Barracks  
  42  4:28  Barracks, Raven  
  44  4:32  SCV  
  44  4:35  Marine x2  
  47  4:44  SCV  
  47  4:56  Engineering Bay  
  47  4:57  Supply Depot  
  47  5:03  Marine  
  47  5:04  Siege Tank, SCV  
  52  5:10  Marine  
  53  5:16  SCV  
  54  5:28  SCV  
  55  5:30  Marine x2  
  54  5:35  Orbital Command  
  54  5:38  Siege Tank  
  54  5:40  SCV, Barracks Reactor  
  58  5:46  Starport Reactor  
  58  5:53  SCV, Marine  
  58  5:54  Marine  
  58  5:55  Stimpack  
  58  5:56  Marine  
  61  6:01  Refinery x2  
  61  6:05  SCV  
  61  6:08  SCV  
  63  6:11  Marine  
  63  6:17  SCV  
  65  6:18  Command Center  
  65  6:20  SCV  
  65  6:24  Marine x2  
  65  6:25  Medivac  
  70  6:29  Terran Infantry Weapons Level 1  
  70  6:44  Supply Depot  
  70  6:47  Supply Depot  
  70  6:57  Marine  
  70  6:58  SCV  
  70  7:05  Marine x4  
  70  7:06  Siege Tank, SCV  
  78  7:08  Medivac  
  78  7:10  SCV  
  78  7:15  Marine  
  82  7:17  Barracks  
  82  7:18  Barracks, SCV  
  82  7:22  SCV  
  84  7:26  Marine, Supply Depot  
  84  7:27  Marine, Supply Depot  
  86  7:30  SCV, Marine  
  86  7:33  Marauder  
  88  7:43  Orbital Command, SCV x2  
  90  7:45  Siege Tank, Medivac  
  95  7:56  Combat Shields  
  95  8:00  SCV  
  95  8:03  Marine x2  
  95  8:04  Marine x2  
  95  8:05  Barracks Reactor x2  
  100  8:06  SCV  
  100  8:08  Armory  
  100  8:12  Supply Depot, Engineering Bay  
  101  8:13  Supply Depot  
  101  8:14  Orbital Command  
  101  8:22  SCV  
  101  8:45  Marine x4  
  101  8:46  Marine x4  
  101  8:47  Siege Tank, Medivac x2  
  101  8:48  SCV x2  
  118  8:58  Marine  
  111  9:03  Marine x2  
  111  9:05  Marine x2  
  111  9:07  Marine  
  116  9:10  SCV x3  
  116  9:11  Barracks x2  
  116  9:12  Barracks  
Tags
 
Composition
MMM BioMMM Bio
Matchup
TvT
Opening
1/1/1
Race
Terran
Strategy
Banshee Rush
Add a new tag
Caveats
  • Supply blocks, unpowered buildings, or Contaminate may cause inaccurate times.
  • Supply counts are checked every 10 seconds.